% Time on Ice - SEATTLE GRUNGE
Lines # - Real PCT - Wanted PCT - Time Play
Normal Forward
1 - 33% - 36% - 18:38
2 - 28% - 31% - 15:47
3 - 24% - 23% - 13:12
4 - 15% - 10% - 8:25
Normal Defense
1 - 37% - 36% - 20:39
2 - 33% - 32% - 18:21
3 - 30% - 32% - 17:02
4 - 0% - 0% - 0:00
PP Forward
1 - 35% - 55% - 0:42
2 - 65% - 45% - 1:17
PP Defense
1 - 35% - 55% - 0:42
2 - 65% - 45% - 1:17
PK Forward
1 - 62% - 55% - 1:14
2 - 38% - 45% - 0:45
PK Defense
1 - 56% - 55% - 1:07
2 - 44% - 45% - 0:52
PK3 Forward
1 - 0% - 55%
2 - 0% - 45%
PK3 Defense
1 - 0% - 55%
2 - 0% - 45%
44 Forward
1 - 0% - 55%
2 - 0% - 45%
44 Defense
1 - 0% - 55%
2 - 0% - 45%
Last Minute Offensive  - 0:00
Last Minute Defensive  - 0:00
Total
Forward - 60:00
Defense - 60:00
% Time on Ice - SAN FRANCISCO SPIDERS
Lines # - Real PCT - Wanted PCT - Time Play
Normal Forward
1 - 24% - 25% - 13:40
2 - 26% - 25% - 14:50
3 - 23% - 25% - 13:03
4 - 26% - 25% - 14:29
Normal Defense
1 - 29% - 30% - 16:20
2 - 32% - 30% - 17:48
3 - 31% - 30% - 17:36
4 - 8% - 10% - 4:18
PP Forward
1 - 55% - 55% - 1:06
2 - 45% - 45% - 0:53
PP Defense
1 - 55% - 55% - 1:06
2 - 45% - 45% - 0:53
PK Forward
1 - 65% - 55% - 1:17
2 - 35% - 45% - 0:42
PK Defense
1 - 59% - 55% - 1:10
2 - 41% - 45% - 0:49
PK3 Forward
1 - 0% - 55%
2 - 0% - 45%
PK3 Defense
1 - 0% - 55%
2 - 0% - 45%
44 Forward
1 - 0% - 55%
2 - 0% - 45%
44 Defense
1 - 0% - 55%
2 - 0% - 45%
Last Minute Offensive  - 0:00
Last Minute Defensive  - 0:00
Total
Forward - 60:00
Defense - 60:00
Play-by-Play 1st period 0:01 of 1st period - Tyler Seguin wins face-off versus Ryan Getzlaf in neutral zone. 0:20 of 1st period - Shot by Ryan Getzlaf. 0:20 of 1st period - Deflect By Josh Leivo. 0:20 of 1st period - Stopped by Semyon Varlamov with a rebound. 1:29 of 1st period - Shot by Michael Frolik. 1:29 of 1st period - Shot Blocked by Dominik Simon. 1:34 of 1st period - Icing by Sean Walker. 1:35 of 1st period - Danton Heinen wins face-off versus Oskar Sundqvist in SAN FRANCISCO SPIDERS zone. 1:48 of 1st period - Travis Sanheim is hit by Taylor Leier and loses puck. 1:56 of 1st period - Vladimir Sobotka is hit by Dominik Simon and loses puck. 2:20 of 1st period - Icing by Travis Sanheim. 2:21 of 1st period - Matt Hendricks wins face-off versus Oskar Sundqvist in SEATTLE GRUNGE zone. 2:43 of 1st period - Shot by Alexander Kerfoot. 2:43 of 1st period - Shot Misses the Net. 2:49 of 1st period - Shot by Alexander Kerfoot. 2:49 of 1st period - Stopped by Semyon Varlamov without a rebound. 2:50 of 1st period - Mike Sgarbossa wins face-off versus Tomas Plekanec in SEATTLE GRUNGE zone. 2:50 of 1st period - Mike Sgarbossa is hit by Gabriel Bourque. 3:25 of 1st period - Shot by Andrei Svechnikov. 3:25 of 1st period - Stopped by Semyon Varlamov with a rebound. 3:40 of 1st period - Victor Rask is hit by David Sklenicka and loses puck. 4:14 of 1st period - Josh Leivo is hit by Damon Severson and loses puck. 4:51 of 1st period - Shot by Matt Hendricks. 4:51 of 1st period - Shot Misses the Net. 5:07 of 1st period - Shot by Jeff Skinner. 5:07 of 1st period - Shot Blocked by David Schlemko. 5:09 of 1st period - Shot by Tyler Seguin. 5:09 of 1st period - Goal by Tyler Seguin - SEATTLE GRUNGE : 1 - SAN FRANCISCO SPIDERS : 0. 5:10 of 1st period - Tomas Plekanec wins face-off versus Jason Zucker in neutral zone. 5:18 of 1st period - Andrei Svechnikov is hit by Yannick Weber and loses puck. 5:19 of 1st period - Minor Penalty to Yannick Weber for Roughing. 5:20 of 1st period - Gabriel Bourque wins face-off versus Michael Frolik in SEATTLE GRUNGE zone. 5:20 of 1st period - Gabriel Bourque is hit by Seth Jones. 7:07 of 1st period - Shot by Tyler Myers. 7:07 of 1st period - Stopped by Semyon Varlamov without a rebound. 7:08 of 1st period - Matt Hendricks wins face-off versus Chris Tierney in SEATTLE GRUNGE zone. 9:05 of 1st period - Shot by Gabriel Bourque. 9:05 of 1st period - Shot Misses the Net. 9:13 of 1st period - Andrei Svechnikov is hit by Steve Bernier and loses puck. 9:22 of 1st period - Shot by Rasmus Dahlin. 9:22 of 1st period - Stopped by Eddie Lack with a rebound. 9:59 of 1st period - Shot by Chris Tierney. 9:59 of 1st period - Deflect By Jason Zucker. 9:59 of 1st period - The goal is going for a video replay. 9:59 of 1st period - The goal is refused. 10:00 of 1st period - Matt Hendricks wins face-off versus Oskar Sundqvist in SAN FRANCISCO SPIDERS zone. 10:53 of 1st period - Tyler Seguin is hit by Matt Hendricks and loses puck. 11:06 of 1st period - Shot by Jeff Skinner. 11:06 of 1st period - Deflect By Tyler Seguin. 11:06 of 1st period - Stopped by Eddie Lack with a rebound. 11:46 of 1st period - Shot by Danton Heinen. 11:46 of 1st period - Stopped by Semyon Varlamov without a rebound. 11:47 of 1st period - Ryan Getzlaf wins face-off versus Mike Sgarbossa in SEATTLE GRUNGE zone. 11:48 of 1st period - Shot by Josh Leivo. 11:48 of 1st period - Shot Blocked by Travis Sanheim. 11:56 of 1st period - Shot by Josh Leivo. 11:56 of 1st period - Stopped by Semyon Varlamov with a rebound. 11:58 of 1st period - Shot by Ryan Getzlaf. 11:58 of 1st period - Shot Misses the Net. 12:49 of 1st period - Icing by Danton Heinen. 12:50 of 1st period - Danton Heinen wins face-off versus Josh Bailey in SAN FRANCISCO SPIDERS zone. 12:56 of 1st period - Shot by Tyler Seguin. 12:56 of 1st period - Shot Blocked by Sean Walker. 12:58 of 1st period - Shot by Tyler Seguin. 12:58 of 1st period - Deflect By Jeff Skinner. 12:58 of 1st period - Stopped by Eddie Lack without a rebound. 12:59 of 1st period - Tomas Plekanec wins face-off versus Chris Tierney in SAN FRANCISCO SPIDERS zone. 13:16 of 1st period - Sean Walker is hit by Jason Zucker and loses puck. 13:25 of 1st period - Shot by Gabriel Bourque. 13:25 of 1st period - Stopped by Semyon Varlamov without a rebound. 13:26 of 1st period - Tyler Seguin wins face-off versus Danton Heinen in SEATTLE GRUNGE zone. 13:46 of 1st period - Shot by Tyler Seguin. 13:46 of 1st period - Shot Misses the Net. 13:56 of 1st period - Shot by Tyler Seguin. 13:56 of 1st period - Shot Blocked by Dominik Simon. 14:25 of 1st period - Icing by Ryan Getzlaf. 14:26 of 1st period - Chris Tierney wins face-off versus Ryan Getzlaf in SAN FRANCISCO SPIDERS zone. 15:06 of 1st period - Icing by Tyler Myers. 15:07 of 1st period - Oskar Sundqvist wins face-off versus Ryan Getzlaf in SAN FRANCISCO SPIDERS zone. 15:22 of 1st period - Shot by Zemgus Girgensons. 15:22 of 1st period - Goal by Zemgus Girgensons - SEATTLE GRUNGE : 2 - SAN FRANCISCO SPIDERS : 0. 15:23 of 1st period - Tomas Plekanec wins face-off versus Tyler Seguin in neutral zone. 15:28 of 1st period - Shot by Gabriel Bourque.